Map: Newkirk Precinct TE (Void)

Players

WwMm - Winner!

  • Race: Zerg Zerg
  • Spawn Location: 7:00

Fropez

  • Race: Protoss Protoss
  • League: Gold
  • Spawn Location: 5:00

VOD

Have the link to the VOD?

Description

Time

  • Played on: Dec. 2, 2016, 11:25 a.m.
  • Length: 35:44
Show
View Real Time Build Order
Export as new Build Order

WwMm Zerg - Winner!

Build Orders: Pool First, Lurkers 

Get SALT Encoding   

  12  0:01  Drone  
  13  0:09  Drone  
  14  0:18  Overlord  
  14  0:41  Drone  
  15  0:48  Drone  
  16  1:02  Spawning Pool  
  15  1:13  Drone x2  
  15  1:14  Hatchery  
  16  1:21  Drone  
  17  1:28  Extractor, Drone  
  17  1:39  Drone  
  18  1:50  Queen  
  18  1:52  Zergling x2  
  21  2:00  Zergling x2  
  22  2:05  Extractor  
  21  2:09  Drone  
  22  2:22  Overlord  
  22  2:31  Metabolic Boost  
  22  2:36  Overlord  
  22  2:37  Zergling x2, Drone  
  22  2:39  Queen  
  27  2:44  Zergling x2  
  27  2:53  Drone  
  28  2:59  Overlord  
  28  3:11  Lair  
  28  3:14  Queen  
  29  3:21  Drone x2  
  31  3:31  Drone x3  
  34  3:38  Zergling x2, Drone  
  36  3:59  Spore Crawler  
  36  4:00  Spine Crawler  
  34  4:13  Hydralisk Den  
  34  4:15  Overlord, Drone x4  
  37  4:37  Zergling x6  
  37  4:38  Zergling x6  
  42  4:51  Hydralisk x4  
  50  4:58  Lurker Den  
  50  5:17  Spine Crawler  
  49  5:23  Drone x2  
  49  5:27  Drone x2  
  41  5:54  Hydralisk x4  
  41  5:55  Hydralisk x2  
  49  6:08  Zergling x8  
  49  6:09  Zergling x2  
  51  6:27  Drone  
  51  6:32  Lurker x4  
  50  6:43  Spine Crawler, Drone x2  
  51  7:08  Overlord  
  51  7:09  Overlord  
  51  7:12  Pneumatized Carapace  
  51  7:17  Spore Crawler  
  51  7:21  Spine Crawler  
  49  7:29  Overlord x2  
  48  7:30  Overlord  
  48  7:33  Overlord  
  48  7:34  Overlord  
  46  7:40  Hatchery  
  44  7:48  Hydralisk  
  45  8:01  Hydralisk x2  
  45  8:02  Hydralisk  
  51  8:22  Lurker  
  52  8:32  Overseer  
  52  8:34  Hydralisk x3  
  52  8:35  Overlord  
  52  8:36  Zergling x2  
  56  9:05  Hydralisk x3  
  56  9:06  Hydralisk  
  64  9:17  Overseer  
  64  9:19  Overseer x2  
  64  9:26  Drone x2  
  66  9:57  Hydralisk x3  
  66  9:58  Hydralisk  
  74  10:12  Queen  
  76  10:19  Queen  
  76  10:20  Drone  
  68  11:02  Overlord x4  
  68  11:09  Overlord  
  68  11:14  Overlord  
  68  11:29  Hatchery  
  67  11:43  Drone  
  67  11:44  Drone x2  
  67  11:45  Hydralisk  
  72  11:50  Hatchery  
  71  12:03  Overseer  
  71  12:04  Overseer  
  71  12:05  Overseer  
  71  12:06  Hydralisk  
  71  12:07  Hydralisk x3  
  75  12:19  Lurker  
  76  12:31  Drone  
  77  12:43  Zergling x4, Overlord, Drone  
  78  12:50  Zergling x8  
  78  12:51  Zergling x12  
  76  12:52  Zergling x2  
  76  12:57  Zergling x2, Overlord, Drone  
  76  12:58  Zergling x2, Drone  
  79  13:14  Overlord x3  
  78  13:24  Hydralisk x2  
  82  13:30  Drone x3  
  83  13:50  Hydralisk  
  83  13:51  Hydralisk x3  
  87  13:56  Overlord  
  81  14:19  Drone x2  
  81  14:21  Drone x3  
  82  14:31  Lurker x2  
  82  14:32  Lurker  
  82  14:33  Drone x2  
  82  14:34  Overlord  
  84  14:45  Hatchery  
  81  15:11  Hydralisk  
  83  15:20  Drone x2  
  83  15:39  Lair  
  77  15:47  Zergling x2  
  74  16:04  Hydralisk  
  74  16:08  Extractor  
  70  16:11  Extractor  
  54  16:19  Hydralisk x2  
  46  16:37  Hydralisk  
  46  16:38  Zergling x6  
  46  16:39  Zergling x2  
  52  16:48  Overseer  
  52  16:55  Zergling x2  
  53  17:04  Drone x3  
  53  17:05  Drone  
  57  17:28  Drone x3  
  60  17:34  Spine Crawler  
  59  17:40  Spine Crawler  
  56  17:51  Burrow  
  56  17:56  Spine Crawler  
  56  17:58  Overlord  
  55  18:04  Zergling x4, Overlord, Drone  
  56  18:07  Spine Crawler  
  56  18:10  Spine Crawler  
  54  18:13  Hydralisk  
  54  18:31  Drone x2  
  54  18:32  Drone x7  
  54  18:33  Drone x2  
  62  18:40  Drone  
  62  18:41  Drone x3  
  62  18:47  Drone x2  
  62  18:48  Drone  
  59  19:04  Hydralisk x6  
  71  19:19  Drone x3  
  71  19:20  Drone x3  
  71  19:24  Overseer  
  77  19:26  Hydralisk x4  
  77  19:27  Hydralisk  
  87  19:37  Drone x3  
  90  19:54  Lurker  
  90  19:59  Hatchery  
  87  20:02  Hydralisk x2  
  89  20:12  Zergling x2  
  89  20:13  Zergling x18, Drone  
  89  20:14  Zergling x4  
  92  20:21  Hydralisk  
  92  20:23  Drone x3  
  76  20:40  Hydralisk x2  
  76  20:42  Zergling x6  
  77  20:43  Zergling x4  
  79  21:04  Hatchery  
  79  21:11  Zergling x6, Drone x2  
  79  21:12  Zergling x4, Drone x2  
  84  21:30  Hydralisk, Drone  
  84  21:31  Zergling x4, Drone  
  90  21:32  Queen  
  90  21:33  Queen  
  94  21:48  Drone x4  
  94  21:50  Spine Crawler  
  94  21:52  Extractor  
  94  21:54  Extractor  
  94  22:04  Hydralisk, Drone x3  
  94  22:05  Hydralisk x5  
  94  22:06  Overlord  
  109  22:17  Spine Crawler, Spore Crawler  
  107  22:38  Lurker x2  
  107  22:40  Overlord, Zergling x4, Drone  
  107  22:41  Zergling x4, Drone  
  115  22:46  Hatchery  
  115  22:47  Hatchery  
  113  22:54  Drone x3  
  113  22:55  Overlord  
  113  22:57  Overseer  
  116  23:25  Zergling x2, Hydralisk, Overlord x3, Drone x2  
  116  23:26  Hydralisk x5, Zergling x4, Drone  
  134  23:32  Evolution Chamber  
  128  23:54  Hydralisk  
  128  23:55  Hydralisk x3  
  130  23:56  Drone x4  
  130  23:57  Drone x2  
  130  24:01  Queen, Drone x2  
  130  24:02  Queen  
  121  24:43  Hydralisk x4  
  121  24:44  Hydralisk x6  
  139  24:52  Overlord  
  139  24:53  Overlord x2  
  139  24:56  Zergling x12  
  103  25:10  Zergling x14  
  110  25:17  Hydralisk x2  
  110  25:18  Hydralisk x3  
  118  25:41  Hydralisk x5  
  118  25:42  Overlord  
  126  25:43  Zergling x4, Overlord x2, Drone x2  
  130  25:55  Drone x3  
  133  26:02  Hydralisk x2, Hatchery  
  136  26:07  Zerg Melee Weapons Level 1  
  136  26:15  Extractor, Hydralisk x4  
  136  26:18  Extractor  
  142  26:33  Hydralisk x5  
  152  26:41  Drone  
  153  26:53  Drone  
  153  26:54  Drone x2  
  156  26:55  Overlord  
  156  27:01  Hydralisk x3  
  156  27:02  Overlord  
  162  27:12  Drone x2  
  164  27:29  Overseer x2  
  164  27:30  Overlord, Overseer x3  
  164  27:31  Hydralisk x2  
  164  27:32  Hydralisk x4  
  176  27:38  Overseer, Spine Crawler  
  166  27:53  Spawning Pool  
  166  27:58  Spawning Pool  
  157  28:01  Hydralisk x5, Zerg Missile Weapons Level 1  
  161  28:19  Hydralisk x5  
  161  28:20  Zergling x2  
  161  28:21  Zergling x20  
  146  28:28  Hydralisk x2  
  110  28:41  Overlord x2, Drone  
  110  28:42  Zergling x4, Drone x2  
  115  28:54  Zergling x2  
  115  28:55  Zergling x16  
  118  29:09  Zergling x2  
  116  29:10  Zergling x14  
  116  29:14  Drone  
  94  29:29  Zergling x8  
  94  29:30  Overlord, Zergling x10  
  96  29:36  Spire  
  95  29:44  Zergling x2  
  95  29:45  Zergling x8  
  99  29:46  Zergling x2  
  98  30:00  Overlord  
  98  30:01  Zergling x6, Overlord x4, Drone x3  
  98  30:02  Zergling x4, Drone x2  
  88  30:22  Zergling x2  
  88  30:23  Zergling x14  
  93  30:42  Spine Crawler  
  87  30:51  Mutalisk x2  
  87  30:52  Mutalisk x5  
  87  30:53  Mutalisk x3  
  90  31:13  Mutalisk x5  
  90  31:14  Mutalisk x4  
  108  31:20  Overseer  
  108  31:23  Mutalisk  
  104  31:46  Overlord  
  104  31:47  Zergling x6  
  107  31:55  Spawning Pool  
  107  31:56  Spore Crawler  
  107  31:57  Spore Crawler  
  107  32:00  Drone x2  
  107  32:01  Overlord, Drone  
  107  32:05  Extractor  
  107  32:06  Extractor, Drone  
  107  32:07  Drone x6  
  109  32:52  Hatchery  
  109  32:58  Drone x4  
  108  33:04  Drone x3  
  112  33:12  Hatchery  
  111  33:22  Hatchery  
  106  33:38  Spore Crawler  
  106  33:40  Zergling x8  
  109  33:42  Zergling x2  
  109  33:43  Zergling x6, Overlord x2, Drone x2, Hatchery  
  106  33:50  Overlord x2, Drone  
  106  33:51  Overlord x2, Zergling x8, Drone x4  
  108  33:57  Spire  
  108  33:58  Spore Crawler  
  108  34:00  Spine Crawler  
  102  34:14  Zergling x2  
  102  34:15  Zergling x18  
  110  34:43  Zergling x2  
  110  34:44  Zergling x22  
  107  34:49  Zergling x2  
  107  34:50  Queen, Zergling x8  
  86  35:04  Zergling x10, Hatchery  
  82  35:07  Hatchery  
  82  35:13  Zergling x4  
  82  35:14  Zergling x10  
Show
View Real Time Build Order
Export as new Build Order

Fropez Protoss 

Build Orders: Blink Stalkers 

Get SALT Encoding   

  12  0:01  Probe (Chrono Boost)  
  13  0:18  Pylon, Probe (Chrono Boost)  
  14  0:25  Assimilator  
  14  0:29  Probe (Chrono Boost)  
  15  0:42  Gateway  
  15  0:47  Probe (Chrono Boost)  
  16  1:01  Gateway  
  16  1:06  Probe (Chrono Boost)  
  17  1:13  Pylon  
  17  1:18  Probe (Chrono Boost)  
  18  1:25  Pylon  
  18  1:37  Cybernetics Core  
  18  1:41  Probe (Chrono Boost)  
  18  1:45  Assimilator  
  19  1:54  Probe (Chrono Boost)  
  20  2:05  Probe (Chrono Boost)  
  21  2:15  Stalker  
  25  2:16  Mothership Core (Chrono Boost)  
  25  2:17  Stalker  
  27  2:32  Warp Gate (Chrono Boost)  
  27  2:45  Probe (Chrono Boost)  
  28  2:55  Pylon  
  28  3:01  Pylon  
  28  3:07  Probe (Chrono Boost), Stalker  
  31  3:13  Stalker  
  31  3:17  Probe (Chrono Boost)  
  34  3:29  Twilight Council, Probe  
  35  3:47  Stalker x2  
  39  3:51  Blink (Chrono Boost)  
  39  3:53  Probe  
  40  4:02  Pylon  
  39  4:48  Adept x2  
  39  4:52  Pylon  
  43  5:08  Nexus  
  43  5:13  Gateway  
  43  5:16  Pylon  
  41  5:39  Stalker x2  
  42  6:03  Zealot x2  
  46  6:07  Adept  
  46  6:10  Assimilator  
  46  6:11  Assimilator  
  44  6:12  Gateway  
  44  6:15  Gateway  
  40  6:25  Gateway  
  40  6:42  Stalker x2  
  44  7:01  Robotics Facility  
  44  7:05  Dark Shrine  
  42  7:44  Forge  
  42  7:56  Pylon  
  42  7:57  Observer (Chrono Boost)  
  43  8:01  Stalker x4  
  51  8:22  Observer (Chrono Boost)  
  51  8:23  Dark Templar  
  54  8:33  Dark Templar x2  
  58  8:41  Observer (Chrono Boost)  
  59  8:59  Observer (Chrono Boost)  
  52  9:17  Stalker x2  
  52  9:18  Observer (Chrono Boost), Stalker x3  
  52  9:21  Probe x2  
  65  9:58  Pylon  
  65  10:02  Photon Cannon  
  65  10:03  Probe  
  65  10:04  Probe  
  65  10:06  Photon Cannon  
  67  10:08  Resonating Glaives, Pylon  
  51  11:06  Stalker x5  
  51  11:07  Stalker  
  51  11:09  Protoss Ground Weapons Level 1 (Chrono Boost)  
  61  11:14  Probe  
  61  11:16  Probe, Forge  
  63  11:27  Pylon  
  63  11:28  Probe  
  64  12:02  Stalker x6  
  66  12:23  Probe x2  
  66  12:27  Stalker x4  
  65  13:18  Stalker x3  
  65  13:19  Stalker x3  
  65  13:22  Protoss Ground Weapons Level 2 (Chrono Boost)  
  65  13:23  Protoss Ground Armor Level 1 (Chrono Boost)  
  56  14:08  Stalker x5  
  56  14:09  Stalker  
  64  14:37  Templar Archives  
  64  14:38  Pylon  
  64  14:40  Pylon  
  64  14:45  Probe  
  64  14:46  Probe  
  66  14:58  Probe  
  65  15:05  Stalker x3  
  61  15:27  Stalker x3  
  67  15:52  Immortal  
  53  16:35  Nexus  
  53  16:39  Pylon  
  53  16:41  Pylon  
  53  16:53  Stalker x3  
  53  16:54  Stalker  
  61  17:15  Stalker x2  
  63  17:33  Photon Cannon, Stalker x2  
  67  18:05  Protoss Ground Armor Level 2 (Chrono Boost)  
  67  18:24  Stalker  
  67  18:25  Stalker  
  71  18:30  Assimilator  
  71  18:32  Photon Cannon  
  71  18:33  Gateway  
  71  18:35  Pylon, Probe  
  71  18:36  Probe  
  71  18:38  Stalker  
  71  18:39  Assimilator  
  69  19:24  Protoss Ground Weapons Level 3 (Chrono Boost)  
  69  19:28  Probe  
  69  19:29  Probe x2  
  66  20:11  Stalker x4  
  66  20:12  Stalker x2  
  56  20:35  Stalker x2  
  56  20:36  Stalker x4  
  52  21:25  Zealot x4  
  54  21:26  Zealot x3  
  54  21:30  Charge (Chrono Boost)  
  54  21:32  Warp Prism  
  62  21:48  Gateway  
  62  21:51  Gateway  
  62  21:53  Gateway  
  62  21:54  Pylon  
  62  21:58  Pylon  
  62  21:59  Zealot  
  62  22:01  Gateway  
  62  22:06  Gateway  
  62  22:08  Pylon, Photon Cannon  
  62  22:10  Zealot  
  62  22:11  Pylon  
  64  22:32  High Templar x3  
  64  22:33  High Templar x4  
  64  22:36  Archon  
  64  22:37  Archon x2  
  78  22:46  Pylon  
  78  22:52  Photon Cannon  
  78  22:54  Dark Templar x2  
  82  23:14  Dark Templar x2  
  82  23:16  Probe  
  82  23:17  Probe x2  
  89  23:34  High Templar  
  89  23:38  Archon  
  89  23:49  Zealot x2  
  89  23:50  Zealot  
  93  24:06  Pylon  
  88  24:41  Zealot x2  
  88  24:42  Zealot x5  
  86  24:57  Dark Templar  
  86  24:58  Dark Templar  
  76  25:28  High Templar  
  76  25:29  High Templar x6  
  76  25:32  Archon  
  76  25:33  Archon x2  
  88  25:39  High Templar  
  90  25:53  Zealot x2  
  94  26:11  Nexus  
  94  26:18  Pylon  
  94  26:21  Pylon  
  94  26:22  Probe x2  
  94  26:23  Protoss Shields Level 1  
  94  26:24  Probe  
  97  26:34  Probe  
  98  26:40  Protoss Ground Armor Level 3  
  98  27:36  Zealot  
  98  27:37  Zealot x4  
  102  27:38  Zealot x3  
  102  27:39  Zealot x2  
  101  28:25  Zealot x5  
  101  28:26  Zealot x2  
  94  28:42  Archon  
  74  29:19  Probe  
  74  29:20  Probe x2  
  75  29:29  Probe  
  71  29:32  Probe x2  
  73  29:44  Probe x2  
  75  29:59  Protoss Shields Level 2  
  71  30:23  Assimilator  
  71  30:27  Assimilator  
  71  30:41  Dark Templar x3  
  56  32:05  Pylon  
  56  32:08  Pylon  
  56  32:13  Pylon  
  56  32:16  Zealot x4  
  56  32:17  Zealot x2  
  56  32:19  Zealot x2  
  56  32:20  Pylon, Zealot  
  74  32:26  Photon Cannon  
  74  32:29  Photon Cannon  
  56  33:05  Dark Templar  
  58  33:15  Dark Templar  
  58  33:30  Dark Templar  
  60  33:38  Zealot x3  
  60  33:39  Zealot x4  
  56  34:06  Photon Cannon  
  56  34:07  Stalker  
  56  34:08  Stalker x5  
  56  34:09  Photon Cannon  
  68  34:12  Photon Cannon  
  68  34:29  Stalker x2  
  50  35:01  Stalker  
  50  35:02  Stalker x3  
  44  35:28  Stalker x3  
  44  35:34  Zealot  
Tags
 
Add a new tag
Caveats
  • Supply blocks, unpowered buildings, or Contaminate may cause inaccurate times.
  • Supply counts are checked every 10 seconds.